Map: Ley Lines

Players

DisK - Winner!

  • Race: Protoss Protoss
  • Spawn Location: 7:00

A.I. 1 (Very Easy)

  • Race: Zerg Zerg
  • Spawn Location: 1:00

VOD

Have the link to the VOD?

Description

Time

  • Played on: March 9, 2025, 5:55 p.m.
  • Length: 9:53
Show
View Real Time Build Order
Export as new Build Order

DisK Protoss - Winner!

Build Orders:  

Get SALT Encoding   

  12  0:00  Probe  
  13  0:12  Probe  
  14  0:19  Pylon  
  14  0:24  Probe  
  15  0:33  Probe  
  15  0:37  Gateway  
  15  0:41  Probe  
  16  0:47  Assimilator  
  17  0:51  Probe  
  18  1:03  Probe  
  19  1:15  Probe  
  20  1:22  Nexus  
  20  1:33  Cybernetics Core  
  20  1:35  Probe  
  21  1:42  Assimilator  
  21  1:47  Probe  
  21  1:49  Pylon  
  22  1:56  Probe  
  22  1:59  Adept  
  23  2:04  Probe  
  24  2:13  Probe  
  26  2:19  Stargate  
  27  2:25  Probe  
  22  2:30  Warp Gate  
  28  2:31  Probe  
  28  2:35  Stalker  
  29  2:38  Probe  
  29  2:39  Probe  
  33  2:49  Probe  
  33  2:50  Probe  
  34  2:57  Oracle  
  35  3:01  Probe  
  35  3:02  Probe  
  37  3:09  Gateway  
  40  3:13  Probe  
  40  3:14  Pylon  
  40  3:15  Probe  
  42  3:25  Probe  
  43  3:28  Probe  
  44  3:36  Nexus  
  44  3:37  Probe  
  44  3:40  Probe  
  46  3:44  Pylon  
  46  3:45  Probe  
  46  3:46  Assimilator  
  46  3:47  Assimilator  
  46  3:53  Oracle, Probe  
  50  3:56  Probe  
  52  4:04  Probe  
  52  4:08  Probe  
  54  4:13  Probe  
  54  4:15  Twilight Council  
  54  4:16  Forge  
  55  4:19  Protoss Ground Weapons Level 1  
  55  4:20  Probe  
  55  4:21  Probe  
  56  4:25  Pylon  
  56  4:26  Robotics Facility  
  56  4:30  Probe  
  57  4:32  Probe  
  59  4:42  Gateway x2  
  59  4:44  Probe x2  
  61  4:45  Probe  
  61  4:52  Blink  
  62  4:56  Probe x3  
  64  5:00  Pylon  
  65  5:08  Probe  
  65  5:09  Probe x2  
  65  5:13  Observer  
  69  5:15  Robotics Facility  
  69  5:17  Robotics Bay  
  69  5:20  Assimilator, Probe  
  69  5:21  Assimilator, Probe  
  71  5:22  Probe  
  71  5:27  Gateway  
  72  5:28  Gateway  
  72  5:31  Warp Prism  
  72  5:32  Probe  
  73  5:40  Gateway  
  75  5:45  Gateway  
  75  5:47  Probe  
  75  5:48  Probe x2  
  75  5:49  Protoss Ground Weapons Level 2  
  78  5:52  Pylon  
  78  5:59  Pylon  
  78  6:01  Stalker x3  
  84  6:07  Colossus  
  84  6:08  Colossus  
  96  6:18  Extended Thermal Lance  
  96  6:23  Pylon  
  96  6:28  Pylon  
  96  6:31  Probe  
  97  6:34  Stalker x2  
  97  6:39  Stalker  
  103  6:40  Stalker  
  105  6:56  Colossus  
  105  6:59  Pylon  
  105  7:01  Pylon  
  105  7:02  Colossus  
  105  7:07  Stalker x3  
  123  7:15  Nexus  
  123  7:20  Stalker x2  
  127  7:27  Stalker x2  
  127  7:29  Pylon  
  131  7:32  Pylon  
  131  7:39  Stalker x3  
  137  7:45  Stalker  
  137  7:47  Pylon  
  137  7:48  Stalker  
  137  7:50  Stalker  
  143  7:54  Stalker  
  143  7:56  Stalker  
  147  8:00  Probe x2  
  147  8:01  Pylon, Probe  
  150  8:10  Stalker x3  
  156  8:13  Probe x3  
  159  8:21  Stalker x2  
  159  8:22  Stalker  
  165  8:27  Probe  
  165  8:28  Probe  
  167  8:39  Stalker x4  
  167  8:40  Stalker  
  177  8:47  Templar Archives  
  178  8:52  Assimilator  
  178  8:53  Assimilator  
  177  8:55  Gateway  
  177  8:59  Gateway  
  177  9:07  Shield Battery, Photon Cannon  
  177  9:09  Pylon  
  177  9:19  Photon Cannon  
  177  9:21  Photon Cannon  
  177  9:22  Shield Battery, Photon Cannon  
  185  9:40  Pylon  
  185  9:41  Stalker x2  
Show
View Real Time Build Order
Export as new Build Order

A.I. 1 (Very Easy) Zerg 

Build Orders:  

Get SALT Encoding   

  12  0:01  Drone  
  13  0:12  Overlord  
  13  0:16  Drone  
  14  0:35  Spawning Pool  
  14  0:37  Extractor  
  14  0:40  Drone  
  13  0:47  Drone  
  14  0:53  Overlord  
  14  1:22  Zergling x2  
  14  1:23  Queen  
  17  1:35  Roach Warren  
  17  1:36  Extractor  
  15  1:40  Drone  
  15  1:43  Zergling x2  
  17  1:47  Drone  
  18  2:02  Drone  
  18  2:03  Zergling x2  
  20  2:13  Drone  
  21  2:23  Drone  
  22  2:30  Drone  
  22  2:35  Overlord  
  23  2:38  Drone  
  24  2:45  Drone  
  25  4:03  Zergling x2  
  25  6:05  Drone, Roach  
  25  6:06  Overlord, Lair  
  28  6:12  Drone  
  26  6:20  Drone  
  27  6:27  Drone  
  28  6:34  Drone  
  29  6:47  Roach  
  31  7:03  Overseer  
  31  7:06  Overseer  
  31  7:22  Hatchery  
  30  7:29  Roach  
  32  8:11  Zergling x2  
  33  8:35  Drone  
  29  8:42  Drone  
  29  8:43  Overseer  
  29  8:44  Extractor  
  26  8:49  Drone  
  26  8:52  Overlord  
  26  8:53  Zergling x2  
  23  8:56  Drone  
  22  9:03  Drone  
  22  9:06  Queen  
  23  9:11  Drone  
  23  9:18  Drone  
  23  9:22  Zergling x2  
  25  9:25  Drone  
  25  9:26  Overseer  
  25  9:27  Overlord  
  26  9:32  Drone  
  20  9:39  Drone  
Tags
 

No tags found.

Add a new tag
Caveats
  • Supply blocks, unpowered buildings, or Contaminate may cause inaccurate times.
  • Supply counts are checked every 10 seconds.